 Dungeon Crawl Stone Soup version 0.29.1-15-g9cfb28693d (webtiles) character file.

Game seed: 6401820954328832431

1441 growler the Martial Artist (level 8, -1/57 HPs)
             Began as a Merfolk Transmuter on Mar 17, 2023.
             Was an Initiate of Wu Jian.
             Slain by a kobold
             ... wielding a +1 short sword of electrocution
              (3 damage)
             ... on level 6 of the Dungeon.
             The game lasted 00:14:50 (7018 turns).

growler the Martial Artist (Merfolk Transmuter)     Turns: 7018, Time: 00:14:50

Health: -1/57      AC:  2    Str: 10    XL:     8   Next: 74%
Magic:  0/13       EV: 20    Int: 15    God:    Wu Jian [......]
Gold:   307        SH:  0    Dex: 19    Spells: 4/14 levels left

rFire   . . .      SeeInvis .     - Unarmed
rCold   . . .      Faith    .   (shield currently unavailable)
rNeg    . . .      Spirit   +   (body armour currently unavailable)
rPois   x          Reflect  .   (helmet currently unavailable)
rElec   .          Harm     .   (cloak currently unavailable)
rCorr   .          Rampage  .   (gloves currently unavailable)
Will    .....                   (boots currently unavailable)
Stlth   ++........              y - amulet of guardian spirit
HPRegen 0.19/turn               j - +4 ring of slaying
MPRegen 0.13/turn               c - ring of flight

@: spider-form (expiring), wereblooded, flying, slowed, studying Ranged Weapons,
very slow
A: venomous fangs, tiny, (nimble swimmer 2), (mertail)
a: End Transformation, Renounce Religion


You were on level 6 of the Dungeon.
You worshipped Wu Jian.
Wu Jian was noncommittal.
You were a venomous arachnid creature.
You visited 2 branches of the dungeon, and saw 7 of its levels.

You collected 307 gold pieces.

Inventory:

Armour
 a - a +0 robe (melded)
 o - a +1 helmet (melded)
 w - a +2 cloak (melded)
Jewellery
 c - a ring of flight (right front leg)
 j - a +4 ring of slaying (left front leg)
 y - an amulet of guardian spirit (around neck)
Scrolls
 b - a scroll of immolation {unknown}
 d - a scroll of summoning {unknown}
 e - a scroll of poison {unknown}
 g - a scroll of noise {unknown}
 h - a scroll of enchant weapon {unknown}
 k - a scroll of butterflies
 p - a scroll of blinking {unknown}
 s - a scroll of enchant armour {unknown}
 t - a scroll of acquirement {unknown}
 u - a scroll of vulnerability
 x - a scroll of teleportation
 z - a scroll of silence {unknown}
Potions
 f - 3 potions of curing
 i - 4 potions of cancellation {unknown}
 l - 2 potions of degeneration {unknown}
 m - 2 potions of haste {unknown}
 n - a potion of mutation
 r - 2 potions of flight {unknown}
 v - a potion of heal wounds {unknown}


   Skills:
 + Level 2.5 Fighting
 - Level 2.6 Dodging
 + Level 10.2 Unarmed Combat
 + Level 3.5 Spellcasting
 + Level 4.9 Transmutations
 + Level 2.1 Ice Magic


You had 4 spell levels left.
You knew the following spells:

 Your Spells              Type           Power      Damage    Failure   Level
a - Beastly Appendage     Tmut           34%        N/A       10%         1
b - Wereblood             Tmut           17%        N/A       12%         2
c - Spider Form           Tmut/Pois      10%        N/A       41%         3
d - Ice Form              Ice/Tmut       13%        N/A       63%         4

Your spell library contained the following spells:

 Spells                   Type           Power      Damage    Failure   Level
 Passwall                 Tmut/Erth      8%         N/A       26%         2
 Magic Dart               Conj           8%         1d3       38%         1
 Ensorcelled Hibernation  Hex/Ice        10%        N/A       38%         2
 Call Imp                 Summ           2%         N/A       50%         2
 Confusing Touch          Hex            2%         N/A       71%         3
 Mephitic Cloud           Conj/Pois/Air  2%         N/A       71%         3
 Swiftness                Air            2%         N/A       71%         3
 Yara's Violent Unravell  Hex/Tmut       5%         3d4       96%         5
 Enfeeble                 Hex            1%         N/A       100%        7


Dungeon Overview and Level Annotations

Branches:
Dungeon (6/15)             Temple (1/1) D:5

Altars:
Ashenzari
Cheibriados
Dithmenos
Elyvilon
Gozag
Hepliaklqana
Kikubaaqudgha
Makhleb
Nemelex Xobeh
Okawaru
Ru
Sif Muna
Trog
Uskayaw
Wu Jian
Xom
Yredelemnul
Zin
The Shining One

Shops:
D:3 =   D:5 *


Innate Abilities, Weirdness & Mutations

You are a venomous arachnid creature.
You have poisonous fangs.
You are tiny and dextrous.
Your spellcasting is less reliable in this form.
Your armour is entirely melded.
You are incapable of wielding weapons or throwing items.
((You are very nimble when in or above water. (Stealth+, EV+, Speed+++)))
((Your lower body shifts to a powerful aquatic tail in water.))


Message History

The shadow imp barely misses you.
The kobold brigand hits you with a +0 club!
The kobold hits you but does no damage.
You are electrocuted!!
The hound bites you. The kobold completely misses you.
The kobold brigand closely misses you. The kobold misses you.
The shadow imp barely misses you.
You bite the kobold brigand!
You feel a bit better.
You kill the kobold brigand!
The Council accepts your kill. The hound misses you. The kobold misses you.
The shadow imp misses you. The kobold closely misses you.
Your Ice Magic skill increases to level 2!
You barely miss the kobold. The hound completely misses you. x2
The kobold barely misses you.
The shadow imp picks up a beetle and eats it.
The shadow imp misses you. The kobold completely misses you.
You hit the kobold.
You feel a bit better.
You kill the kobold!
The Council accepts your kill.
You hiss as the wereblood boils in your veins!
The hound misses you.
The shadow imp shouts, "Slither home, thou pribbling tardy-gaited efter!"
The shadow imp misses you. The kobold completely misses you.
The hound barely misses you.
You bite the shadow imp!
The shadow imp is poisoned.
The shadow imp is almost dead.
The hound bites you. The shadow imp closely misses you.
The kobold closely misses you. The hound completely misses you.
You hit the hound.
The hound is moderately wounded.
You feel a bit better.
You kill the shadow imp!
The Council accepts your kill. The hound misses you.
The kobold hits you with a +1 short sword of electrocution.
You are electrocuted!!
* * * LOW HITPOINT WARNING * * *
The hound completely misses you.
The kobold hits you with a +1 short sword of electrocution.
You die...

.. ##..........
..##...........
.............# ...
#.............#.
...##...............
........................
........<......h).......
...............#s)..<...
..............##.K......
..............##........
..............#......#..
............#....##.## #
............#.........
.......###........#.#..#
...#...####.#......###..
..##......#........# ..


You could see a hound and a kobold.

Vanquished Creatures
  Sigmund (D:4)
  An acid dragon (D:5)
  2 ice beasts
  3 ogres (D:5)
  A kobold brigand (D:6)
  A necrophage (D:5)
  A scorpion (D:6)
  A howler monkey (D:6)
  Crazy Yiuf (D:3)
  5 iguanas
  An orc wizard (D:3)
  Robin (D:2)
  4 gnolls (D:5)
  6 adders
  7 river rats (D:4)
  2 shadow imps
  A white imp (D:5)
  2 ufetubi
  5 worms
  3 dart slugs (D:1)
  12 orcs
  6 endoplasms
  A giant cockroach (D:4)
  11 goblins
  9 hobgoblins
  10 kobolds
  3 quokkas
  10 ball pythons
  4 bats
  5 frilled lizards
  8 rats
128 creatures vanquished.

Vanquished Creatures (others)
  6 plants (D:3)
6 creatures vanquished.

Grand Total: 134 creatures vanquished

Notes
Turn   | Place    | Note
-------+----------+-------------------------------------------
     0 | D:1      | growler the Merfolk Transmuter began the quest for the Orb.
     0 | D:1      | Reached XP level 1. HP: 15/15 MP: 3/3
   330 | D:1      | Reached XP level 2. HP: 15/21 MP: 3/5
   333 | D:1      | Learned a level 2 spell: Wereblood
  1054 | D:1      | Reached XP level 3. HP: 20/26 MP: 4/6
  1058 | D:1      | Learned a level 3 spell: Spider Form
  2108 | D:2      | Found a faded altar of an unknown god.
  2127 | D:2      | Noticed Robin
  2138 | D:2      | Reached skill level 4 in Unarmed Combat
  2146 | D:2      | Killed Robin
  2147 | D:2      | Reached XP level 4. HP: 20/32 MP: 5/8
  3554 | D:3      | Found Irayji Syda's Jewellery Shoppe.
  3573 | D:3      | Identified the +6 long sword "Pyczis" {venom, Will+}
  3769 | D:3      | Found a runed translucent door.
  3770 | D:3      | Noticed Crazy Yiuf
  3878 | D:3      | Reached XP level 5. HP: 37/37 MP: 5/9
  4147 | D:3      | Noticed an ice beast
  4159 | D:3      | Killed an ice beast
  4160 | D:3      | Reached skill level 5 in Unarmed Combat
  4600 | D:3      | Reached skill level 6 in Unarmed Combat
  4600 | D:3      | Reached XP level 6. HP: 40/43 MP: 8/10
  4864 | D:3      | Killed Crazy Yiuf
  4992 | D:4      | Noticed Sigmund
  5001 | D:4      | Killed Sigmund
  5002 | D:4      | Reached skill level 7 in Unarmed Combat
  5035 | D:4      | Learned a level 4 spell: Ice Form
  5142 | D:4      | Reached XP level 7. HP: 39/48 MP: 6/11
  5617 | D:4      | Reached skill level 8 in Unarmed Combat
  5794 | D:5      | Entered Level 5 of the Dungeon
  5954 | D:5      | Reached skill level 9 in Unarmed Combat
  5956 | D:5      | Reached XP level 8. HP: 34/54 MP: 12/12
  6361 | D:5      | Found a hide-covered altar of Uskayaw.
  6361 | D:5      | Found a white marble altar of Elyvilon.
  6361 | D:5      | Found an opulent altar of Gozag.
  6362 | D:5      | Found a snail-covered altar of Cheibriados.
  6362 | D:5      | Found a burning altar of Makhleb.
  6363 | D:5      | Found a bloodstained altar of Trog.
  6364 | D:5      | Found a sacrificial altar of Ru.
  6365 | D:5      | Found a shadowy altar of Dithmenos.
  6366 | D:5      | Found a basalt altar of Yredelemnul.
  6380 | D:5      | Found a staircase to the Ecumenical Temple.
  6386 | D:5      | Reached skill level 10 in Unarmed Combat
  6406 | Temple   | Entered the Ecumenical Temple
  6413 | Temple   | Became a worshipper of the Wu Jian Council
  6488 | D:5      | Reached skill level 1 in Ice Magic
  6514 | D:5      | Found Jiubb's General Store.
  6720 | D:5      | Found a faded altar of an unknown god.
  6720 | D:5      | Found a glowing silver altar of Zin.
  6726 | D:5      | Found a shimmering altar of Xom.
  6728 | D:5      | Found a broken altar of Ashenzari.
  6730 | D:5      | Found an ancient bone altar of Kikubaaqudgha.
  7018 | D:6      | HP: 2/57 [kobold/+1 short sword of electrocution (18)]
  7018 | D:6      | Slain by a kobold

Illustrated notes

Levels and vault maps discovered:
D:1:      lightli_arrival_flooded_house, layout_basic, serial_co_window_serial,
          co_window_cross_1, co_window_paths_a, co_window_paths_a,
          co_window_paths_a, co_window_paths_a, co_window_of_opportunity_b,
          co_window_broadway_b, co_window_paths_c, co_window_4corner_a,
          glass_columns_a, glass_columns_a, glass_columns_a,
          minmay_misc_feat_room, grunt_decor_resistance
D:2:      layout_basic, ebering_ecumenical_altar_box, uniq_robin
D:3:      layout_loops_ring, serial_shops, shop, wad_woods_river_04,
          uniq_crazy_yiuf_cottage
D:4:      layout_rooms, lightli_sewer_entry_pipes, uniq_sigmund
D:5:      layout_cave_pools, minitemple, chequers_temple_overflow_minitemple,
          minmay_temple_entry_arrows, serial_shops,
          nicolae_shop_competitors_out_of_business, minmay_manual_mail
D:6:      layout_cave_pools
Temple:   hellmonk_temple_micro_hex

Skill      XL: |  1  2  3  4  5  6  7  8 |
---------------+-------------------------+-----
Transmutations | 3 4 |  4.9
Unarmed Combat | 4 6 7 9 10 | 10.2
Spellcasting   | 3 |  3.5
Ice Magic      | 2 |  2.1
Fighting       | 2 |  2.5
Dodging        | |  2.6

Action                   |  1- 3 |  4- 6 |  7- 9 || total
-------------------------+-------+-------+-------++-------
Melee: Unarmed           |   109 |   115 |   145 ||   369
       Headbutt          |     6 |     4 |    17 ||    27
       Punch             |     1 |     4 |     4 ||     9
 Cast: Beastly Appendage |    14 |    15 |    18 ||    47
       Wereblood         |     1 |     1 |     3 ||     5
       Spider Form       |       |     2 |     6 ||     8
Invok: Lunge             |       |       |     3 ||     3
  Use: Scroll            |       |       |     5 ||     5
       Potion            |       |       |     3 ||     3
 Stab: Sleeping          |     2 |     1 |     1 ||     4
Armor: Robe              |    20 |    24 |    19 ||    63
       Skin              |       |       |     9 ||     9
Dodge: Dodged            |    65 |    48 |   102 ||   215
